 Dungeon Crawl Stone Soup version 0.30-a0-760-g5a9884bb7c (webtiles) character file.

Game seed: 12940586311472771463

85 xian the Shooter (level 4, -8/26 HPs)
             Began as a Deep Elf Hunter on Feb 12, 2023.
             Mangled by an ogre
             ... wielding a +0 giant club
              (15 damage)
             ... on level 4 of the Dungeon.
             The game lasted 00:05:14 (1886 turns).

xian the Shooter (Deep Elf Hunter)                  Turns: 1886, Time: 00:05:15

Health: -8/26      AC:  6    Str: 10    XL:     4   Next: 25%
Magic:  0/6        EV: 12    Int: 14    God:
Gold:   118        SH:  0    Dex: 18    Spells: 3/3 levels left

rFire   . . .      SeeInvis .    a - +0 shortbow
rCold   . . .      Faith    .    (shield currently unavailable)
rNeg    . . .      Spirit   +    c - +0 leather armour
rPois   +          Reflect  .    j - +0 hat
rElec   .          Harm     .    (no cloak)
rCorr   .          Rampage  .    l - +1 pair of gloves
Will    .....                    e - +0 pair of boots
Stlth   ++                       p - amulet of guardian spirit
HPRegen 0.24/turn                f - ring of poison resistance
MPRegen 0.10/turn                (no ring)

@: weak-willed
A: no striking features
a: no special abilities


You were on level 4 of the Dungeon.
You visited 1 branch of the dungeon, and saw 4 of its levels.

You collected 188 gold pieces.
You spent 70 gold pieces at shops.

Inventory:

Hand Weapons
 a - a +0 shortbow (weapon)
Armour
 c - a +0 leather armour (worn)
 e - a +0 pair of boots (worn)
 j - a +0 hat (worn)
 l - a +1 pair of gloves (worn)
Magical Staves
 m - a staff of poison
Jewellery
 f - a ring of poison resistance (left hand)
 p - an amulet of guardian spirit (around neck)
Wands
 q - a wand of iceblast (7)
 u - a wand of flame (4)
Scrolls
 b - 3 scrolls of immolation
 n - a scroll of amnesia
 o - a scroll of blinking
Potions
 d - a potion of cancellation {unknown}
 g - 2 potions of berserk rage {unknown}
 k - 3 potions of heal wounds
 r - a potion of attraction {unknown}
 s - a potion of curing {unknown}
 t - a potion of degeneration {unknown}
 v - a potion of mutation {unknown}


   Skills:
 + Level 1.9 Fighting
 + Level 7.2 Ranged Weapons
 + Level 0.2 Armour
 + Level 2.8 Dodging
 + Level 1.2 Stealth


You had 3 spell levels left.
You didn't know any spells.
Your spell library contained the following spells:

 Spells                   Type           Power      Damage    Failure   Level
 Magic Dart               Conj           0%         1d3       36%         1
 Call Imp                 Summ           0%         N/A       52%         2
 Ensorcelled Hibernation  Hex/Ice        0%         N/A       52%         2
 Inner Flame              Hex/Fire       0%         N/A       75%         3
 Mephitic Cloud           Conj/Pois/Air  0%         N/A       75%         3
 Cause Fear               Hex            0%         N/A       98%         4
 Ice Form                 Ice/Tmut       0%         N/A       98%         4
 Metabolic Englaciation   Hex/Ice        0%         N/A       100%        5
 Discord                  Hex            0%         N/A       100%        8


Dungeon Overview and Level Annotations

Branches:
Dungeon (4/15)
 Temple: D:4-7

Altars:

Shops:
D:3 *?[:(


Message History

Magic quickly surges around you.
It was a scroll of vulnerability.
Okay, then.
You drop a scroll of vulnerability.
As you read the scroll labelled GUCITAD FYHAYS, it crumbles to dust.
You assume a fearsome visage.
Nothing appears to happen.
It was a scroll of fear.
Done exploring.
You see here a +0 dagger.
You see here a hobgoblin skeleton.
There is a stone staircase leading down here.
You climb downwards.
Found a scroll labelled LAHORO BUYPT and a scroll of identify.
There is a stone staircase leading up here.
You shoot an arrow.
The arrow hits the orc but does no damage.
The orc shouts!
An ogre comes into view. It is wielding a +0 giant club.
You shoot an arrow. The arrow barely misses the orc.
The arrow barely misses the ogre.
The ogre shouts!
You shoot an arrow. The arrow hits the orc.
The orc is moderately wounded.
You shoot an arrow. The arrow hits the orc.
You kill the orc!
You shoot an arrow. The arrow hits the ogre!
The ogre is moderately wounded.
You shoot an arrow. The arrow barely misses the ogre.
You shoot an arrow. The arrow hits the ogre.
The ogre is heavily wounded.
You shoot an arrow. The arrow barely misses the ogre.
The ogre hits you with a +0 giant club!!
Ouch! That really hurt!
* * * LOW HITPOINT WARNING * * *
You are too injured to fight recklessly!
You are too injured to fight recklessly!
Unknown command.
Found a leather armour.
The ogre attacks as you move away! The ogre hits you with a +0 giant club!
Ouch! That really hurt!
You die...

.####...
..
......##.#
?.......#
..?....#
#......#
#......###
#.<...)...
#.O#.#####
#@.# #
#..# #....
####...
#.## [# #


You could see an ogre.

Vanquished Creatures
  An adder (D:2)
  2 worms (D:2)
  A dart slug (D:2)
  2 orcs
  4 bats
  8 endoplasms
  2 giant cockroaches (D:1)
  10 hobgoblins
  2 jackals (D:2)
  4 quokkas
  6 ball pythons
  5 frilled lizards
  8 goblins
  5 rats
60 creatures vanquished.

Notes
Turn   | Place    | Note
-------+----------+-------------------------------------------
     0 | D:1      | xian the Deep Elf Hunter began the quest for the Orb.
     0 | D:1      | Reached XP level 1. HP: 12/12 MP: 3/3
   246 | D:1      | Reached XP level 2. HP: 16/16 MP: 4/4
   291 | D:1      | Got the Textbook on Cold
   318 | D:1      | Reached skill level 6 in Ranged Weapons
   828 | D:2      | Reached XP level 3. HP: 21/21 MP: 5/5
  1182 | D:2      | Reached skill level 7 in Ranged Weapons
  1201 | D:2      | Reached XP level 4. HP: 26/26 MP: 6/6
  1460 | D:3      | Found Meur's Armour Emporium.
  1544 | D:3      | Found Xebown's Magic Scroll Emporium.
  1557 | D:3      | Bought a scroll of identify for 22 gold pieces
  1583 | D:3      | Found Libbajoppo's Book Shoppe.
  1695 | D:3      | Found Fakki's Antique Weapon Boutique.
  1780 | D:3      | Found Sokledghume's Assorted Antiques.
  1789 | D:3      | Bought a lumpy red potion for 24 gold pieces
  1789 | D:3      | Bought a bubbling clear potion for 24 gold pieces
  1876 | D:4      | Noticed an ogre
  1886 | D:4      | Mangled by an ogre

Illustrated notes

Levels and vault maps discovered:
D:1:      wander_arrival_peaceful_grave, layout_loops_ring, nicolae_eternal_life
D:2:      layout_loops_ring
D:3:      layout_rooms, serial_shops, nicolae_shop_advertising_works
          [nicolae_subvault_shop_adworks], shop, nicolae_shop_stone,
          nicolae_shop_behind_doors, nicolae_shop_behind_doors
D:4:      layout_basic, minmay_temple_entry_sparse_star, st_stairs_9,
          grunt_ministairs_12

Skill      XL: |  1  2  3 |
---------------+----------+-----
Ranged Weapons | 6 7 |  7.2
Fighting       | |  1.9
Armour         | |  0.2
Dodging        | |  2.8
Stealth        | |  1.2

Action                     |  1- 3 |  4- 6 || total
---------------------------+-------+-------++-------
   Fire: Shortbow          |   105 |    34 ||   139
    Use: Scroll            |       |     5 ||     5
         Potion            |       |     1 ||     1
 Armour: Leather armour    |    12 |     1 ||    13
  Dodge: Dodged            |    15 |     1 ||    16

Table legend: (Time is in decaauts)
 A = Elapsed time spent in this place.
 B = Non-inter-level travel time spent in this place.
 C = Inter-level travel time spent in this place.
 D = Time resting spent in this place.
 E = Time spent auto-exploring this place.
 F = Levels seen in this place.
 G = Mean time per level.
                   A        B        C        D        E       F      G
               +--------+--------+--------+--------+--------+-----+--------+
         Total |   1915 |   1827 |     88 |      0 |   1508 |   4 |  478.8 |
       Dungeon |   1915 |   1827 |     88 |      0 |   1508 |   4 |  478.8 |
               +--------+--------+--------+--------+--------+-----+--------+

Top non-repeatable levels by time:
     D:1: 808 daAuts
     D:2: 677 daAuts
     D:3: 417 daAuts
     D:4: 12 daAuts
